 Dungeon Crawl Stone Soup version 0.31.0-9-g3a7656b989 (webtiles) character file.

Game seed: 1472530194940872701

16573 Eitelfritz the Reanimator (level 12, -1/81 HPs)
             Began as a Demonspawn Necromancer on Feb 4, 2024.
             Was a High Priest of Dithmenos.
             Slain by a shadow (5 damage)
             ... on level 11 of the Dungeon.
             The game lasted 00:55:09 (12221 turns).

Eitelfritz the Reanimator (Demonspawn Necromancer) Turns: 12221, Time: 00:55:12

Health: -1/81      AC: 10    Str: 14    XL:     12   Next: 11%
Magic:  20/25      EV: 13    Int: 21    God:    Dithmenos [*****.]
Gold:   1787       SH:  0    Dex: 12    Spells: 6/30 levels left

rFire   . . .        a - +1 dagger (speed)
rCold   . . .        (no shield)
rNeg    . . .        o - +3 leather armour {Will+}
rPois   .            (helmet restricted)
rElec   .            U - +1 cloak of Anaesthesia {+Blink Regen+ Dex-2}
rCorr   .            q - +1 pair of gloves
SInv    .            (no boots)
Will    +....        h - amulet of magic regeneration
Stlth   ++++++       z - +6 ring of strength
HPRegen 2.13/turn    (no ring)
MPRegen 0.59/turn

%: no passive effects
@: fugue, slowed, wreathed by umbra, very slow
A: hooves 1, horns 1, powered by death 1, demonic magic 2, weakness stinger 1
a: Renounce Religion, Evoke Blink, Shadow Step, Shadow Form


You were on level 11 of the Dungeon.
You worshipped Dithmenos.
Dithmenos was extremely pleased with you.
You visited 2 branches of the dungeon, and saw 12 of its levels.
You also visited: Bailey.

You collected 1787 gold pieces.

Inventory:

Hand Weapons
 a - a +1 dagger of speed (weapon)
 b - a +0 sling of electrocution
 c - a +0 rapier
 n - a +0 short sword
 w - a +1 dagger of protection
 O - a +0 short sword of speed
Missiles
 r - 7 javelins
 E - 35 poisoned darts
 F - 21 boomerangs
 G - 4 atropa-tipped darts
 H - 4 datura-tipped darts
 I - 17 curare-tipped darts
Armour
 o - a +3 leather armour of willpower (worn)
 q - a +1 pair of gloves (worn)
 B - +0 acid dragon scales
 L - +0 steam dragon scales
 U - the +1 cloak of Anaesthesia (worn) {+Blink Regen+ Dex-2}
   (You found it on level 10 of the Dungeon)

   Dex-2:     It affects your dexterity (-2).
   +Blink:    It lets you blink.
   Regen+:    It increases your rate of health regeneration.
Magical Staves
 J - a staff of death
Jewellery
 e - an amulet of the acrobat
 h - an amulet of magic regeneration (around neck)
 y - an amulet of reflection
 z - a +6 ring of strength (left hand)
 P - a ring of poison resistance
 Q - an amulet of guardian spirit
Wands
 d - a wand of iceblast (12)
 A - a wand of polymorph (14)
 C - a wand of flame (3)
 R - a wand of mindburst (13)
Scrolls
 f - 2 scrolls of poison
 g - a scroll of fog
 i - 4 scrolls of amnesia
 u - 4 scrolls of blinking
 v - 3 scrolls of teleportation
Potions
 j - 2 potions of heal wounds
 k - 2 potions of mutation
 l - 2 potions of magic
 m - 2 potions of attraction
 p - 3 potions of berserk rage
 s - a potion of cancellation
 t - 6 potions of haste
 x - a potion of brilliance
 K - 4 potions of curing
 M - 2 potions of lignification
 N - a potion of resistance
 V - a potion of enlightenment {unknown}


   Skills:
 + Level 3.5 Fighting
 + Level 5.0 Short Blades
 + Level 4.0 Armour
 + Level 4.6 Dodging
 + Level 10.2 Stealth
 + Level 9.5 Spellcasting
 + Level 11.9 Necromancy
 + Level 2.3 Earth Magic


You had 6 spell levels left.
You knew the following spells:

 Your Spells              Type           Power      Damage    Failure   Level
a - Necrotise             Necr           100%       1d9       1%          1
b - Vampiric Draining     Necr           56%        2d10      1%          3
c - Fugue of the Fallen   Necr           56%        N/A       1%          3
d - Animate Dead          Necr           56%        N/A       1%          4
e - Sandblast             Erth           38%        2d10      3%          1
f - Curse of Agony        Necr           56%        N/A       1%          5
g - Stone Arrow           Conj/Erth      28%        3d8       16%         3
h - Apportation           Tloc           20%        N/A       9%          1
i - Passwall              Erth           19%        N/A       10%         3

Your spell library contained the following spells:

 Spells                   Type           Power      Damage    Failure   Level
 Jinxbite                 Hex            20%        N/A       13%         2
 Static Discharge         Conj/Air       20%        3-4/arc   13%         2
 Dazzling Flash           Conj/Hex       20%        N/A       26%         3
 Frozen Ramparts          Ice            20%        1d4       26%         3
 Ozocubu's Armour         Ice            10%        N/A       26%         3
 Tukima's Dance           Hex            10%        N/A       26%         3
 Volatile Blastmotes      Fire/Tloc      20%        2d11      26%         3
 Brom's Barrelling Bould  Conj/Erth      14%        2d4       45%         4
 Leda's Liquefaction      Alch/Erth      7%         N/A       45%         4
 Petrify                  Alch/Erth      14%        N/A       45%         4
 Airstrike                Air            5%         2d(1-17)  63%         4
 Manifold Assault         Tloc           10%        N/A       63%         4
 Passage of Golubria      Tloc           10%        N/A       63%         4
 Summon Lightning Spire   Summ/Air       10%        N/A       63%         4
 Alistair's Intoxication  Alch           6%         N/A       93%         5
 Metabolic Englaciation   Hex/Ice        5%         N/A       93%         5
 Yara's Violent Unravell  Hex/Alch       5%         3d4       93%         5
 Starburst                Conj/Fire      5%         6d4       100%        6
 Haunt                    Necr/Summ      17%        N/A       99%         7
 Infestation              Necr           28%        N/A       99%         8
 Maxwell's Capacitive Co  Air            5%         ∞         100%        8


Dungeon Overview and Level Annotations

Branches:
Dungeon (11/15)            Temple (1/1) D:4            Lair (0/5) D:8
 Bailey (visited)
    Orc: D:9-12

Altars:
Ashenzari
Cheibriados
Dithmenos
Fedhas
Gozag
Hepliaklqana
Kikubaaqudgha
Makhleb
Nemelex Xobeh
Okawaru
Qazlal
Ru
Sif Muna
Trog
Uskayaw
Vehumet
Wu Jian
Xom
Yredelemnul
Lugonu

Shops:
D:1 :=[   D:10 [

Portals:
Abyss: D:4

Annotations:
D:7 2 runed translucent doors, exclusion: orange crystal statue


Innate Abilities, Weirdness & Mutations

You have large cloven feet.
You have a pair of small horns on your head.
You regenerate a little health from kills.
Spells you cast may paralyse nearby enemies.
You have a small tail.


Message History

The wraith suddenly stops moving!
The troll bites you! The troll completely misses you.
The troll claws you but does no damage. The troll bites you!
The troll closely misses you. The troll claws you.
The helpless wraith fails to defend itself.
You spit the wraith like a pig!!!
You destroy the wraith!
Dithmenos accepts your kill.
Casting: Necrotise (safe; 1% risk of failure)
Confirm with . or Enter, or press ? or * to list all spells.
You don't know that spell.
Unknown command.
Unknown command.
Casting: Necrotise (safe; 1% risk of failure)
Confirm with . or Enter, or press ? or * to list all spells.
You don't know that spell.
Unknown command.
Unknown command.
Casting: Necrotise (safe; 1% risk of failure)
Confirm with . or Enter, or press ? or * to list all spells.
Aiming: Vampiric Draining (safe; 1% risk of failure)
Press: ? - help, Shift-Dir - straight line, f - two-headed ogre, p - troll
Aim: a two-headed ogre, wielding two +0 giant clubs (umbra)
You draw life force from the two-headed ogre!
You feel life coursing into your body. Malevolent energies surge around you.
The troll suddenly stops moving!
The two-headed ogre hits you with a +0 giant club.
The two-headed ogre hits you with a +0 giant club!
* * * LOW HITPOINT WARNING * * *
The shadow strikes at you from the darkness!
* * * LOW HITPOINT WARNING * * *
Reactivating autopickup.
The shadow closely misses you.
The helpless troll fails to defend itself.
You perforate the troll like a sieve!!!
You kill the troll!
Dithmenos accepts your kill.
The two-headed ogre hits you with a +0 giant club!
* * * LOW HITPOINT WARNING * * *
The two-headed ogre closely misses you. The shadow hits you.
You die...

##.# #..# #..#
#..# (♣ #..#
♣.♣ #..# ♣.♣
#..######.
♣.♣#.@.......
♣♣♣♣.#.OW......
........^......
♣♣♣♣.#..#######
♣.♣#..#######
♣.♣ #........#
♣.♣ #........#
.♣ #........#
#........#


You could see a two-headed ogre and a shadow.

Vanquished Creatures
  6 two-headed ogres
  Lodul (D:10)
  An arcanist (D:10)
  Pikel (D:7)
  Maggie (D:7)
  3 trolls
  Grinder (D:6)
  Prince Ribbit (D:9)
  8 yaks
  A vampire (D:10)
  4 wyverns
  2 wraiths
  Eustachio (D:5)
  2 steam dragons
  A vampire mosquito (D:10)
  5 water moccasins
  An acid dragon (D:10)
  8 orc warriors
  4 ice beasts
  A sky beast (D:7)
  3 black bears
  8 ogres
  A lemure (D:7)
  6 centaurs
  3 phantoms
  9 kobold brigands
  6 bullfrogs
  A gnoll sergeant (D:10)
  A scorpion (D:8)
  A wight (D:9)
  4 killer bees (D:8)
  13 howler monkeys
  A crimson imp (D:8)
  7 orc priests
  A bombardier beetle (D:7)
  A gnoll bouda (D:7)
  2 sleepcaps (D:6)
  Jessica (D:3)
  3 iguanas
  12 orc wizards
  A centaur simulacrum (D:10)
  6 gnolls
  4 adders
  2 shadow imps
  2 white imps
  3 ufetubi
  A dart slug (D:1)
  3 ribbon worms
  34 orcs
  5 ball pythons
  8 bats
  10 endoplasms
  A giant cockroach (D:3)
  8 goblins
  6 hobgoblins
  4 jackals
  A quokka (D:4)
  5 frilled lizards
  26 kobolds
  3 rats
270 creatures vanquished.

Vanquished Creatures (collateral kills)
  The ghost of Anaz the Zephyrmancer, a novice DgAE (D:10)
  A gargoyle (D:10)
  A kobold demonologist (D:10)
  An acid dragon (D:10)
  2 bullfrogs (D:8)
  A gnoll sergeant (D:10)
  A killer bee (D:8)
  2 orc wizards (D:10)
  2 gnolls
  A white imp (D:10)
  2 orcs (D:8)
15 creatures vanquished.

Vanquished Creatures (others)
  A wyvern zombie (D:10)
  A troll zombie (D:10)
  A bullfrog zombie (D:8)
  6 ogre zombies (D:10)
  8 orc zombies
17 creatures vanquished.

Grand Total: 302 creatures vanquished

Notes
Turn   | Place    | Note
-------+----------+-------------------------------------------
     0 | D:1      | Eitelfritz the Demonspawn Necromancer began the quest for
                  | the Orb.
     0 | D:1      | Reached XP level 1. HP: 13/13 MP: 3/3
   156 | D:1      | Found Idicuu's Antique Armour Emporium.
   235 | D:1      | Discovered your monstrous ancestry.
   235 | D:1      | Gained mutation: You have a pair of small horns on your
                  | head. [demonic ancestry]
   235 | D:1      | Reached XP level 2. HP: 19/19 MP: 3/5
   363 | D:1      | Found Atib's Jewellery Emporium.
   838 | D:1      | Found Asebaos's Book Shop.
   913 | D:2      | Reached skill level 5 in Necromancy
   993 | D:2      | Noticed an ogre
  1041 | D:3      | Reached XP level 3. HP: 24/24 MP: 1/6
  1089 | D:3      | Learned a level 3 spell: Vampiric Draining
  1293 | D:3      | Found a shimmering blue altar of Sif Muna.
  1616 | D:3      | Noticed Jessica
  1620 | D:3      | Killed Jessica
  1621 | D:3      | Reached XP level 4. HP: 27/30 MP: 4/8
  1669 | D:3      | Found a shadowy altar of Dithmenos.
  1675 | D:3      | Became a worshipper of Dithmenos the Shadowed
  1906 | D:2      | Learned a level 3 spell: Fugue of the Fallen
  2157 | D:2      | Found a hazy altar of Hepliaklqana.
  2549 | D:4      | Found an ornate altar of the Wu Jian Council.
  2561 | D:4      | Noticed an ice beast
  2573 | D:4      | Killed an ice beast
  2574 | D:4      | Reached XP level 5. HP: 27/36 MP: 1/10
  2658 | D:4      | Found a staircase to the Ecumenical Temple.
  2667 | Temple   | Entered the Ecumenical Temple
  2712 | D:4      | Found a snail-covered altar of Cheibriados.
  2712 | D:4      | Noticed a phantom
  2721 | D:4      | Reached skill level 1 in Short Blades
  2748 | D:5      | Entered Level 5 of the Dungeon
  2760 | D:5      | Killed a phantom
  2761 | D:5      | Reached skill level 6 in Necromancy
  2761 | D:5      | Gained mutation: Spells you cast may paralyse adjacent
                  | enemies. [demonic ancestry]
  2761 | D:5      | Reached XP level 6. HP: 13/42 MP: 2/11
  2901 | D:4      | Reached * piety under Dithmenos
  3090 | D:4      | Found a one-way gate to the infinite horrors of the Abyss.
  3110 | D:4      | Noticed a water moccasin
  3119 | D:4      | Killed a water moccasin
  3156 | D:4      | Found a large runed translucent door.
  3156 | D:4      | Found a large runed translucent door.
  3160 | D:4      | Found a corrupted altar of Lugonu.
  3174 | D:4      | Found a snail-covered altar of Cheibriados.
  3313 | D:4      | Found a broken altar of Ashenzari.
  3337 | D:4      | Found a radiant altar of Vehumet.
  3579 | D:4      | Learned a level 4 spell: Animate Dead
  3663 | D:5      | Gained mutation: You have large cloven feet. [demonic
                  | ancestry]
  3663 | D:5      | Reached XP level 7. HP: 47/47 MP: 7/13
  3937 | D:5      | Noticed Eustachio
  3958 | D:5      | Killed Eustachio
  3959 | D:5      | Reached skill level 1 in Fighting
  3959 | D:5      | Reached skill level 7 in Necromancy
  3963 | D:5      | Reached skill level 5 in Spellcasting
  4115 | D:5      | Gained mutation: You regenerate a little health from kills.
                  | [demonic ancestry]
  4115 | D:5      | Reached XP level 8. HP: 42/54 MP: 13/15
  4455 | D:6      | Noticed Grinder
  4486 | D:6      | Killed Grinder
  4487 | D:6      | Reached skill level 1 in Armour
  4794 | D:6      | Reached skill level 5 in Stealth
  4837 | D:6      | Found a stormy altar of Qazlal.
  4852 | D:6      | Reached ** piety under Dithmenos
  4933 | D:6      | Found a hazy altar of Hepliaklqana.
  5669 | D:6      | Learned a level 1 spell: Sandblast
  5788 | D:7      | Reached XP level 9. HP: 42/61 MP: 13/17
  5890 | D:7      | Noticed Pikel
  5898 | D:7      | Killed Pikel
  5899 | D:7      | Reached skill level 8 in Necromancy
  5959 | D:7      | Found an ancient bone altar of Kikubaaqudgha.
  6129 | D:7      | Noticed Maggie
  6144 | D:7      | Killed Maggie
  6593 | D:7      | Found the +10 tower shield of Ignorance {rN+ Int-4}
  6598 | D:7      | Found a runed translucent door.
  6619 | D:7      | Found a runed translucent door.
  6626 | D:7      | Noticed an orange crystal statue
  6810 | D:7      | Learned a level 5 spell: Curse of Agony
  6814 | D:7      | Learned a level 3 spell: Stone Arrow
  7200 | D:8      | Noticed a two-headed ogre
  7218 | D:8      | Killed a two-headed ogre
  7222 | D:8      | Reached skill level 9 in Necromancy
  7222 | D:8      | Gained mutation: Spells you cast may paralyse nearby
                  | enemies. [demonic ancestry]
  7222 | D:8      | Reached XP level 10. HP: 50/68 MP: 3/20
  7236 | D:8      | Noticed a two-headed ogre
  7248 | D:8      | Killed a two-headed ogre
  7317 | D:8      | Reached *** piety under Dithmenos
  7330 | D:8      | Found a flagged portal.
  7349 | Bailey   | Entered a bailey
  7649 | Bailey   | Found a burning altar of Makhleb.
  7911 | D:8      | Reached skill level 10 in Necromancy
  7927 | D:8      | Found a staircase to the Lair.
  8228 | D:8      | Found a burning altar of Makhleb.
  8816 | D:8      | Identified a scroll of acquirement
  8816 | D:8      | Acquired a staff of death
  8821 | D:8      | Learned a level 1 spell: Apportation
  8862 | D:9      | Reached **** piety under Dithmenos
  9269 | D:9      | Noticed Prince Ribbit
  9275 | D:9      | Killed Prince Ribbit
  9276 | D:9      | Reached XP level 11. HP: 75/75 MP: 20/22
  9844 | D:9      | Learned a level 3 spell: Passwall
  9892 | D:10     | Entered Level 10 of the Dungeon
  9892 | D:10     | Noticed Lodul
  9911 | D:10     | Killed Lodul
  9965 | D:10     | Your ally Lodul died
 10185 | D:10     | Found Yngucass's Armour Shoppe.
 10211 | D:10     | Noticed a two-headed ogre
 10213 | D:10     | Noticed a two-headed ogre
 10215 | D:10     | Killed a two-headed ogre
 10226 | D:10     | Killed a two-headed ogre
 10227 | D:10     | Reached skill level 11 in Necromancy
 10227 | D:10     | Reached skill level 1 in Earth Magic
 10238 | D:10     | Noticed a sun demon
 10407 | D:10     | Reached ***** piety under Dithmenos
 10588 | D:10     | Noticed an arcanist
 10597 | D:10     | Killed an arcanist
 10598 | D:10     | Reached skill level 5 in Short Blades
 10643 | D:10     | HP: 2/75 [something (10)]
 10823 | D:10     | Found a large runed translucent door.
 10825 | D:10     | Found a large runed translucent door.
 10972 | D:10     | Found a blossoming altar of Fedhas.
 11052 | D:10     | Noticed Anaz's ghost (novice DgAE)
 11455 | D:10     | Reached skill level 10 in Stealth
 11586 | D:10     | Identified the +1 cloak of Anaesthesia {+Blink Regen+
                  | Dex-2}
 11660 | D:10     | Noticed a two-headed ogre
 11697 | D:10     | Noticed a two-headed ogre
 11704 | D:10     | Killed a two-headed ogre
 11711 | D:10     | Killed a two-headed ogre
 11712 | D:10     | Gained mutation: You have a small tail. [demonic ancestry]
 11712 | D:10     | Reached XP level 12. HP: 36/81 MP: 14/25
 11938 | D:10     | Killed Anaz's ghost
 12212 | D:11     | Noticed a two-headed ogre
 12221 | D:11     | HP: 4/81 [two-headed ogre/+0 giant club (14)]
 12221 | D:11     | Slain by a shadow

Illustrated notes

Levels and vault maps discovered:
D:1:      doesnt_arrival_eight_statues, layout_basic, serial_shops, shop,
          nicolae_shop_advertising_works [nicolae_subvault_shop_adworks], shop,
          minmay_misc_feat_square, roderic_malta_cross
D:2:      layout_loops_ring, basic_altar
D:3:      layout_loops_cross, general_overflow_altar,
          nicolae_dithmenos_the_darkroom, uniq_jessica
D:4:      due_chaos_kobolds, layout_cave_pools, mainiacjoe_overflow_swirl,
          mainiacjoe_overflow_catwalk_spiral, minmay_temple_entry_arrows,
          minmay_ruined_shrine
D:5:      layout_basic, grunt_ministairs_8, uniq_eustachio
D:6:      layout_basic, gammafunk_temple_overflow_forgotten, uniq_grinder
D:7:      layout_basic, nicolae_kikubaaqudgha_miasma_corner,
          chequers_serial_rivers_room_a, chequers_guarded_unrand_ignorance,
          uniq_pikel, uniq_maggie
D:8:      layout_basic, makhleb_grotto_becter, due_lair_maze_entry_diamond,
          enter_bailey_4, minmay_misc_feat_columns
D:9:      layout_roguey, dreamdust_princess_bridge,
          chequers_serial_rivers_large_b, kennysheep_generic_room_16,
          uniq_prince_ribbit1
D:10:     minmay_bubble_buster, layout_irregular_city, minitemple, serial_ice,
          serial_ice_c, serial_ice_m, serial_ice_a, serial_ice_b, serial_shops,
          shop, ebering_ghost_disaster_area, minmay_alternating_orb, uniq_lodul
D:11:     nzn_winding_woodlands_stair_cross
          [nzn_winding_woodlands_5x15_longhouse,
          nzn_winding_woodlands_center_garden, nzn_winding_woodlands_5x15_twine,
          nzn_winding_woodlands_5x5_open_star,
          nzn_winding_woodlands_5x5_checkerboard,
          nzn_winding_woodlands_5x15_concentric,
          nzn_winding_woodlands_center_triple_pond,
          nzn_winding_woodlands_5x15_sawtooth], layout_basic, hiddenorc1_lemuel,
          enter_trove_0, nicolae_gozag_cash_rules_everything_around_me
Temple:   grunt_temple_mini_profane

Skill      XL: |  1  2  3  4  5  6  7  8  9 10 11 |
---------------+----------------------------------+-----
Dodging        | 2 3 4 |  4.6
Necromancy     | 5 6 7 9 10 11 | 11.9
Stealth        | 2 3 4 5 6 8 10 | 10.2
Spellcasting   | 3 4 5 6 7 9 |  9.5
Short Blades   | 1 3 4 5 |  5.0
Fighting       | 1 2 3 |  3.5
Armour         | 2 3 4 |  4.0
Earth Magic    | 2 |  2.3

Action                     |  1- 3 |  4- 6 |  7- 9 | 10-12 || total
---------------------------+-------+-------+-------+-------++-------
  Melee: Unarmed           |     5 |       |       |       ||     5
         Dagger            |    37 |    56 |   111 |   144 ||   348
         Headbutt          |     5 |     8 |    37 |    13 ||    63
         Punch             |       |     1 |     3 |       ||     4
         Kick              |       |       |    61 |    21 ||    82
         Rapier            |       |       |   101 |       ||   101
         Short sword       |       |       |       |     8 ||     8
         Tailslap          |       |       |       |     2 ||     2
   Cast: Necrotise         |    47 |    61 |    78 |   170 ||   356
         Fugue of the Fall |       |     2 |     3 |     1 ||     6
         Vampiric Draining |       |       |     7 |    17 ||    24
         Animate Dead      |       |       |     3 |     3 ||     6
         Sandblast         |       |       |       |    21 ||    21
         Passwall          |       |       |       |     1 ||     1
    Use: Scroll            |       |     9 |     9 |     9 ||    27
         Potion            |       |       |       |     3 ||     3
   Stab: Sleeping          |     8 |     2 |     5 |    10 ||    25
         Paralysed         |       |     6 |    45 |    90 ||   141
         Distracted        |       |       |       |     1 ||     1
 Armour: Robe              |    26 |    32 |       |       ||    58
         Leather armour    |       |     4 |   140 |   216 ||   360
  Dodge: Dodged            |    37 |    62 |   174 |   196 ||   469
